 Dungeon Crawl Stone Soup version 0.18.1-6-gd335043 (webtiles) character file.

181 lightmor the Ruffian (level 5, 0/44 HPs)
             Began as a Naga Transmuter on May 17, 2016.
             Killed by divine providence
             ... invoked by an orc priest
              (10 damage)
             ... on level 3 of the Dungeon.
             The game lasted 00:08:15 (3253 turns).

lightmor the Ruffian (Naga Transmuter)              Turns: 3253, Time: 00:08:16

Health: 0/44       AC:  3    Str: 13    XL:     5   Next: 61%
Magic:  8/8        EV:  7    Int: 14    God:
Gold:   104        SH:  9    Dex: 11    Spells: 2 memorised, 5 levels left

rFire  . . .     SeeInvis +       - Unarmed
rCold  . . .     Gourm    .     b - +0 robe
rNeg   . . .     Faith    .     e - +2 shield
rPois  +         Spirit   .     (no helmet)
rElec  .         Dismiss  .     j - +0 cloak
rCorr  .         Reflect  .     (no gloves)
SustAt .         Harm     .     (no barding)
MR     .....                    (no amulet)
Stlth  +.........               (no ring)
                                (no ring)

@: drained, very slow, not resistant to hostile enchantments, very unstealthy
A: see invisible, deformed body, poison resistance, slowness 2, slow metabolism
1, spit poison 2, AC +1
a: Spit Poison


You were on level 3 of the Dungeon.
You were not hungry.

You visited 1 branch of the dungeon, and saw 3 of its levels.

You collected 104 gold pieces.

Inventory:

Missiles
 a - 12 arrows
Armour
 b - a +0 robe (worn)
 e - a +2 shield (worn)
 j - a +0 cloak (worn)
Scrolls
 h - 2 scrolls of identify
 k - 2 scrolls of remove curse
Potions
 f - 2 potions of flight {unknown}
 g - 2 potions of brilliance
 l - a potion of agility {unknown}
Books
 c - a book of Changes

   Spells                             Type                      Level
   a - Beastly Appendage              Transmutation                1
   b - Sticks to Snakes               Transmutation                2
   c - Spider Form                    Transmutation/Poison         3
   d - Ice Form                       Ice/Transmutation            4
   e - Blade Hands                    Transmutation                5
Comestibles
 d - 3 bread rations


   Skills:
 - Level 1.0(0.8) Fighting
 - Level 1.5(1.3) Dodging
 + Level 2.0(1.8) Shields
 * Level 5.4(5.2) Unarmed Combat
 - Level 2.0(1.7) Spellcasting
 - Level 2.0(1.7) Transmutations


You had 5 spell levels left.
You knew the following spells:

 Your Spells              Type           Power        Failure   Level  Hunger
a - Beastly Appendage     Trmt           #.....       63%         1    ##.....
b - Sticks to Snakes      Trmt           #.......     85%         2    ###....


Dungeon Overview and Level Annotations

Branches:
Dungeon (3/15)

Altars:
Makhleb

Annotations:
D:3 lightmor's ghost, weakling NaTm


Innate Abilities, Weirdness & Mutations

You cannot wear boots.
Your serpentine skin is tough (AC +1).
You have supernaturally acute eyesight.
Armour fits poorly on your strangely shaped body.
Your system is resistant to poisons.
You cover ground very slowly.
You have a slow metabolism.
You can spit poison.


Message History

You punch the orc priest!
The orc priest is severely wounded.
The orc priest hits you but does no damage.
You feel drained.
You hit the orc priest.
The orc priest is almost dead.
You have got your breath back.
You block the orc priest's attack.
You hit the orc priest but do no damage.
The orc priest is almost dead.
You barely miss the orc priest.
The orc priest is almost dead.
The orc priest mumbles some strange prayers to Beogh against you.
Beogh smites you!
* * * LOW HITPOINT WARNING * * *
You barely miss the orc priest.
The orc priest is almost dead.
The orc priest invokes the aid of Beogh against you.
Beogh smites you!
You die... ### #o# #oo

#.# #o# #o# #.#
#.#############
#######.o@..........#
#.....#############.#
#.....# #.#
####.....#
#######.######
..'.....+
..............
##.#####.....#
#######.###...
..)..W)......# #.# .
##.#####.....# #.#
####..# #.#


You could see an orc priest.

Vanquished Creatures
  A scorpion (D:3)
  Robin (D:2)
  2 oozes
  3 worms (D:2)
  A dart slug (D:1)
  A giant gecko (D:2)
  6 orcs (D:3)
  A bat (D:2)
  4 giant cockroaches
  15 goblins
  11 hobgoblins
  2 jackals (D:2)
  A quokka (D:3)
  A ball python (D:3)
  5 giant newts
  7 kobolds
  7 rats
69 creatures vanquished.

Vanquished Creatures (others)
  An orc wizard (D:3)
1 creature vanquished.

Grand Total: 70 creatures vanquished

Notes
Turn   | Place    | Note
--------------------------------------------------------------
     0 | D:1      | lightmor the Naga Transmuter began the quest for the Orb.
     0 | D:1      | Reached XP level 1. HP: 18/18 MP: 3/3
   173 | D:1      | Reached XP level 2. HP: 13/25 MP: 5/5
   324 | D:1      | Learned a level 2 spell: Sticks to Snakes
   800 | D:1      | Reached XP level 3. HP: 31/31 MP: 6/6
   806 | D:1      | Reached skill level 1 in Shields
  1250 | D:2      | Reached skill level 4 in Unarmed Combat
  1646 | D:2      | Noticed Robin
  1679 | D:2      | Reached XP level 4. HP: 16/38 MP: 7/7
  2214 | D:2      | Killed Robin
  2661 | D:3      | Found a burning altar of Makhleb.
  2731 | D:3      | Noticed lightmor's ghost (weakling NaTm)
  3133 | D:3      | Reached skill level 5 in Unarmed Combat
  3133 | D:3      | Reached XP level 5. HP: 36/44 MP: 8/8
  3253 | D:3      | Killed from afar by an orc priest

Skill      XL: |  1  2  3  4  5 |
---------------+----------------+-----
Shields        | 1 2 |  2.0
Unarmed Combat | 4 5 |  5.4
Fighting       | |  1.0
Dodging        | |  1.5
Spellcasting   | |  2.0
Transmutations | |  2.0

Action                   |  1- 3 |  4- 6 || total
-------------------------+-------+-------++-------
Melee: Unarmed           |    84 |   124 ||   208
 Abil: Spit Poison       |    33 |    20 ||    53
  Use: Scroll            |     1 |     5 ||     6
       Potion            |     1 |       ||     1
  Eat: Chunk             |     3 |     5 ||     8
Armor: Robe              |     9 |    16 ||    25
Dodge: Dodged            |    30 |    16 ||    46
Block: Shield            |    21 |    37 ||    58
